 Dungeon Crawl Stone Soup version 0.31-a0-1581-g41d5ff3 (webtiles) character file.

Game seed: 4575567681959664982

5615 PidgeyThePirate the Conjurer (level 10, -14/58 HPs)
             Began as a Tengu Air Elementalist on Jan 4, 2024.
             Was an Elder of the Shining One.
             Demolished by a komodo dragon (25 damage)
             ... on level 8 of the Dungeon on Jan 5, 2024.
             The game lasted 00:29:52 (9312 turns).

PidgeyThePirate the Conjurer (TeAE)                 Turns: 9312, Time: 00:29:53

Health: -14/58     AC: 10    Str: 17    XL:     10   Next: 73%
Magic:  10/19      EV: 17    Int: 17    God:    the Shining One [****..]
Gold:   371        SH:  0    Dex: 15    Spells: 15/20 levels left

rFire   + + .        d - staff of fire
rCold   . . .        (no shield)
rNeg    + + .        k - +0 ring mail
rPois   .            (helmet restricted)
rElec   .            e - +0 cloak
rCorr   .            B - +1 pair of gloves
SInv    .            (boots unavailable)
Will    .....        (no amulet)
Stlth   +            i - +6 ring of strength
HPRegen 0.29/turn    H - ring of protection from fire
MPRegen 0.16/turn

%: acrobat
@: mighty, about to teleport, flying, glowing
A: beak, talons 3, evasive flight, acrobatic, thin skeletal structure 1, clumsy
1
a: Renounce Religion, Divine Shield, Cleansing Flame


You were on level 8 of the Dungeon.
You worshipped the Shining One.
The Shining One was greatly pleased with you.
You visited 2 branches of the dungeon, and saw 9 of its levels.
You also visited: Ossuary.

You collected 407 gold pieces.
You spent 36 gold pieces at shops.

Inventory:

Missiles
 C - 2 throwing nets
Armour
 a - a +0 robe
 e - a +0 cloak (worn)
 k - a +0 ring mail (worn)
 B - a +1 pair of gloves (worn)
Magical Staves
 d - a staff of fire (weapon)
Jewellery
 i - a +6 ring of strength (left hand)
 u - a ring of ice
 H - a ring of protection from fire (right hand)
Wands
 b - a wand of iceblast (19)
 f - a wand of flame (30)
 I - a wand of mindburst (8)
 J - a wand of quicksilver (12)
Scrolls
 g - 2 scrolls of revelation {unknown}
 h - 6 scrolls of identify {unknown}
 l - 2 scrolls of amnesia {unknown}
 m - 2 scrolls of teleportation
 o - a scroll of brand weapon {unknown}
 r - a scroll of poison {unknown}
 s - 3 scrolls of vulnerability {unknown}
 t - a scroll of butterflies {unknown}
 v - 5 scrolls of fear {unknown}
 y - a scroll of enchant weapon {unknown}
 K - 2 scrolls of enchant armour {unknown}
 L - 4 scrolls of blinking {unknown}
Potions
 c - 2 potions of curing
 j - a potion of degeneration {unknown}
 n - 3 potions of lignification {unknown}
 p - 2 potions of brilliance {unknown}
 q - a potion of enlightenment {unknown}
 w - 3 potions of attraction {unknown}
 x - a potion of cancellation {unknown}
 z - 2 potions of mutation
 A - 3 potions of resistance {unknown}
 D - 2 potions of might
 E - a potion of heal wounds {unknown}
 F - 2 potions of invisibility {unknown}
 G - 2 potions of berserk rage {unknown}


   Skills:
 + Level 4.5 Fighting
 + Level 7.7 Staves
 + Level 7.3 Armour
 + Level 5.6 Dodging
 + Level 3.6 Stealth
 + Level 5.9 Spellcasting
 + Level 7.7 Conjurations
 + Level 7.3 Air Magic
 + Level 0.4 Evocations


You had 15 spell levels left.
You knew the following spells:

 Your Spells              Type           Power      Damage    Failure   Level
a - Shock                 Conj/Air       100%       1d9       1%          1
b - Static Discharge      Conj/Air       60%        3-6/arc   1%          2
c - Searing Ray           Conj           62%        2d6       1%          2

Your spell library contained the following spells:

 Spells                   Type           Power      Damage    Failure   Level
 Magic Dart               Conj           100%       1d8       1%          1
 Swiftness                Air            30%        N/A       3%          3
 Foxfire                  Conj/Fire      100%       2x1d9     4%          1
 Airstrike                Air            15%        2d(3-19)  11%         4
 Scorch                   Fire           14%        2d5       32%         2
 Flame Wave               Conj/Fire      27%        2d9       41%         4
 Fulminant Prism          Conj/Alch      9%         3d7       41%         4
 Plasma Beam              Fire/Air       13%        2x1d24    100%        6
 Starburst                Conj/Fire      13%        6d6       100%        6
 Summon Cactus Giant      Summ           2%         N/A       100%        6


Dungeon Overview and Level Annotations

Branches:
Dungeon (8/15)             Temple (1/1) D:4         Ossuary (visited)
   Lair: D:8-11

Altars:
Dithmenos
Elyvilon
Fedhas
Gozag
Hepliaklqana
Kikubaaqudgha
Makhleb
Nemelex Xobeh
Okawaru
Qazlal
Sif Muna
Uskayaw
Vehumet
Wu Jian
Xom
Yredelemnul
Zin
The Shining One

Shops:
D:4 ?


Innate Abilities, Weirdness & Mutations

You have a beak for a mouth.
You have claws for feet.
Your magical flight helps you evade attacks. (EV +4)
You can magically evade attacks while moving or waiting.
You have a somewhat thin skeletal structure. (Dex +2, Stealth+)
You are clumsy. (Dex -2)


Message History

* * * LOW HITPOINT WARNING * * *
Unknown command.
You feel better. The komodo dragon bites you!
* * * LOW HITPOINT WARNING * * *
As you read the scroll of teleportation, it crumbles to dust.
You feel strangely unstable. The komodo dragon barely misses you.
The komodo dragon attacks as it pursues you!
The komodo dragon completely misses you.
The komodo dragon attacks as it pursues you!
The komodo dragon misses you.
Your surroundings seem slightly different.
Aiming: Throw Flame
Press: ? - help, Shift-Dir - straight line, f - komodo dragon
Aim: a komodo dragon (moderately wounded, haloed, 85% to hit)
The puff of flame hits the komodo dragon.
The komodo dragon is heavily wounded.
Casting: Static Discharge (safe; 1% risk of failure)
Confirm with . or Enter, or press ? or * to list all spells.
Okay, then.
Aiming: Throw Flame
Press: ? - help, Shift-Dir - straight line, f/p - komodo dragon
Aim: a komodo dragon (heavily wounded, haloed, 85% to hit)
The puff of flame hits the komodo dragon.
The komodo dragon is heavily wounded.
You hit the komodo dragon. You claw the komodo dragon.
The komodo dragon is severely wounded.
The komodo dragon completely misses you.
Casting: Static Discharge (safe; 1% risk of failure)
Confirm with . or Enter, or press ? or * to list all spells.
The komodo dragon is struck by an arc of lightning.
The komodo dragon is severely wounded.
You are struck by an arc of lightning.
* * * LOW HITPOINT WARNING * * *
The lightning grounds out.
The komodo dragon bites you!
* * * LOW HITPOINT WARNING * * *
Okay, then.
You feel better. The komodo dragon misses you.
As you read the scroll of teleportation, it crumbles to dust.
You feel strangely unstable. The komodo dragon bites you!!
You die...

... #.........$P.....
### #...............P
#####............P.P.
..†........†.....P..P
####................P
...#............##..#
##.#............## ..
................l## .
................@.#
................#..#
......############....
......# #####
......#########
......'........
......#########
......#################
.........#............


You could see a komodo dragon.

Vanquished Creatures
  Pikel (D:8)
  An elephant (D:8)
  Prince Ribbit (D:6)
  Sigmund (D:3)
  Eustachio (D:5)
  Edmund (D:5)
  A water moccasin (D:8)
  Menkaure (D:4)
  Duvessa (D:4)
  2 black bears
  An ice beast (D:5)
  A sky beast (D:6)
  An orc warrior (D:6)
  5 ogres
  2 centaurs
  4 lemures (D:8)
  Blork the orc (D:5)
  An elf zombie (D:5)
  5 bullfrogs
  A gnoll sergeant (D:8)
  2 scorpions
  An elf skeleton (D:5)
  7 water moccasin zombies (Ossuary)
  4 wights (D:6)
  A burial acolyte (Ossuary)
  Dowan (D:4)
  3 killer bees (D:7)
  4 bombardier beetles
  2 hounds
  2 orc priests
  3 jellies
  2 sleepcaps
  A scorpion zombie (D:2)
  Ijyb (D:2)
  3 human skeletons (D:5)
  7 iguanas
  9 orc wizards
  2 crocodile zombies (Ossuary)
  A hound zombie (D:2)
  2 mummies (Ossuary)
  Robin (D:3)
  13 adders
  8 gnolls
  2 white imps
  5 adder zombies
  An adder skeleton (D:2)
  4 dart slugs
  23 orcs
  7 ball pythons
  5 endoplasms
  A giant cockroach (D:1)
  14 goblins
  9 hobgoblins
  5 kobolds
  5 quokkas
  2 ball python zombies (D:2)
  7 bats
  3 frilled lizards
  A giant cockroach zombie (D:2)
  8 gnoll zombies (Ossuary)
  A jackal skeleton (D:2)
  4 jackal zombies (Ossuary)
  An orc skeleton (D:5)
  3 orc zombies (Ossuary)
  A quokka skeleton (D:2)
  4 rats
  A spectral hobgoblin (D:3)
230 creatures vanquished.

Vanquished Creatures (others)
  An angel (D:8)
1 creature vanquished.

Grand Total: 231 creatures vanquished

Notes
Turn   | Place    | Note
-------+----------+-------------------------------------------
     0 | D:1      | PidgeyThePirate the Tengu Air Elementalist began the quest
                  | for the Orb.
     0 | D:1      | Reached XP level 1. HP: 10/10 MP: 4/4
   283 | D:1      | Reached XP level 2. HP: 15/15 MP: 1/6
   718 | D:1      | Reached XP level 3. HP: 16/19 MP: 7/7
  1166 | D:2      | Reached skill level 5 in Air Magic
  1548 | D:2      | Reached XP level 4. HP: 16/24 MP: 1/9
  1553 | D:2      | Reached skill level 1 in Staves
  2049 | D:3      | Noticed Ijyb
  2085 | D:2      | Learned a level 2 spell: Static Discharge
  2088 | D:2      | Learned a level 2 spell: Searing Ray
  2162 | D:3      | Noticed Sigmund
  2179 | D:2      | Gained mutation: Your spells are a little easier to cast,
                  | but a little less powerful. [potion of mutation]
  2179 | D:2      | Gained mutation: You are partially covered in iridescent
                  | scales. (AC +2) [potion of mutation]
  2179 | D:2      | Gained mutation: You occasionally lose the ability to drink
                  | potions when taking damage. [potion of mutation]
  2179 | D:2      | Gained mutation: You have sharp fingernails. [potion of
                  | mutation]
  2181 | D:2      | Lost mutation: You have sharp fingernails. [potion of
                  | mutation]
  2181 | D:2      | Lost mutation: Your spells are a little easier to cast, but
                  | a little less powerful. [potion of mutation]
  2181 | D:2      | Gained mutation: You are robust. (+10% HP) [potion of
                  | mutation]
  2182 | D:2      | Lost mutation: You are robust. (+10% HP) [potion of
                  | mutation]
  2182 | D:2      | Lost mutation: You occasionally lose the ability to drink
                  | potions when taking damage. [potion of mutation]
  2182 | D:2      | Lost mutation: You are partially covered in iridescent
                  | scales. (AC +2) [potion of mutation]
  2182 | D:2      | Gained mutation: You are clumsy. (Dex -2) [potion of
                  | mutation]
  2182 | D:2      | Gained mutation: You have a somewhat thin skeletal
                  | structure. (Dex +2, Stealth+) [potion of mutation]
  2191 | D:2      | Killed Ijyb
  2192 | D:2      | Reached skill level 1 in Fighting
  2192 | D:2      | Reached XP level 5. HP: 13/29 MP: 0/10
  2365 | D:3      | Killed Sigmund
  2366 | D:3      | Reached skill level 1 in Armour
  2366 | D:3      | Reached XP level 6. HP: 32/34 MP: 1/12
  2510 | D:3      | Found a faded altar of an unknown god.
  2578 | D:3      | Noticed Robin
  2592 | D:3      | Killed Robin
  3292 | D:4      | Gained mutation: Your magical flight helps you evade
                  | attacks. (EV +4) [Tengu growth]
  3292 | D:4      | Reached XP level 7. HP: 5/39 MP: 10/13
  3686 | D:4      | Found a staircase to the Ecumenical Temple.
  3792 | Temple   | Entered the Ecumenical Temple
  4014 | Temple   | Became a worshipper of the Shining One
  4138 | D:4      | Found Nimout's Magic Scroll Boutique.
  4145 | D:4      | Bought a scroll of teleportation for 36 gold pieces
  4257 | D:4      | Noticed Menkaure
  4264 | D:4      | Killed Menkaure
  4265 | D:4      | Reached XP level 8. HP: 17/44 MP: 5/15
  4434 | D:4      | Noticed Duvessa
  4440 | D:4      | Noticed Dowan
  4448 | D:4      | Killed Duvessa
  4456 | D:4      | Killed Dowan
  4625 | D:5      | Entered Level 5 of the Dungeon
  4714 | D:5      | Noticed Edmund
  4777 | D:5      | The Shining One protects you from harm!
  4854 | D:5      | Found a sand-covered staircase.
  4865 | D:5      | Reached skill level 5 in Armour
  4868 | Ossuary  | Entered an ossuary
  4914 | Ossuary  | Reached * piety under the Shining One
  4923 | Ossuary  | Reached skill level 5 in Spellcasting
  4955 | Ossuary  | Reached XP level 9. HP: 37/50 MP: 17/17
  4961 | Ossuary  | Reached skill level 5 in Staves
  5019 | Ossuary  | Reached ** piety under the Shining One
  5122 | Ossuary  | Reached *** piety under the Shining One
  5285 | D:5      | Killed Edmund
  5560 | D:5      | Reached skill level 5 in Conjurations
  5823 | D:5      | Noticed Blork the orc
  5977 | D:5      | Killed Blork the orc
  6017 | D:5      | Noticed Eustachio
  6041 | D:5      | Killed Eustachio
  6739 | D:6      | Noticed Prince Ribbit
  6747 | D:6      | Killed Prince Ribbit
  6855 | D:6      | Reached XP level 10. HP: 50/56 MP: 9/18
  6869 | D:6      | Reached skill level 5 in Dodging
  7182 | D:6      | Reached **** piety under the Shining One
  8514 | D:8      | Found a glowing silver altar of Zin.
  8514 | D:8      | Noticed an angel
  8638 | D:8      | Noticed Pikel
  8908 | D:8      | Killed an angel
  8912 | D:8      | Killed Pikel
  9012 | D:8      | Found a shimmering altar of Xom.
  9019 | D:8      | Identified the +0 ring mail of Gestures {^Drain rF+++ rCorr
                  | MP-9}
  9136 | D:8      | Noticed an elephant
  9164 | D:8      | Killed an elephant
  9312 | D:8      | Demolished by a komodo dragon

Illustrated notes

Levels and vault maps discovered:
D:1:      kennysheep_arrival_seaside, layout_loops_cross, glass_columns_b,
          minmay_misc_feat_doors
D:2:      minmay_door_path, layout_rooms, serial_undead, serial_undead_e,
          serial_undead_f, serial_undead_f, serial_undead_f, serial_undead_e,
          serial_undead_d
D:3:      minmay_recursive_quarters, layout_rooms,
          dreamdust_ecumenical_altar_drowned_temple, feat_on_display,
          uniq_robin, uniq_ijyb, uniq_sigmund
D:4:      cheibrodos_quashed, layout_loops_ring, minmay_temple_entry_slanted,
          serial_shops, shop, uniq_duvessa, uniq_menkaure
D:5:      layout_rooms, nicolae_ossuary_entry_catacombs, uniq_edmund,
          uniq_eustachio, uniq_blork_the_orc
D:6:      minmay_evil_eye, layout_basic, kennysheep_dice, uniq_prince_ribbit1
D:7:      layout_loops_ring
D:8:      layout_basic, grunt_temple_overflow_order_and_chaos_1,
          chequers_temple_overflow_statue_of_worship,
          grunt_lair_entry_orc_guard_hut, minmay_misc_feat_hallway, uniq_pikel
Temple:   regret_index_temple_sphere_string

Skill      XL: |  1  2  3  4  5  6  7  8  9 10 |
---------------+-------------------------------+-----
Air Magic      | 5 6 7 |  7.3
Conjurations   | 2 3 4 5 7 |  7.7
Staves         | 1 3 4 6 7 |  7.7
Fighting       | 1 2 3 4 |  4.5
Armour         | 1 2 3 5 6 7 |  7.3
Spellcasting   | 3 4 5 |  5.9
Stealth        | 3 |  3.6
Dodging        | 3 4 5 |  5.6
Evocations     | |  0.4

Action                     |  1- 3 |  4- 6 |  7- 9 | 10-12 || total
---------------------------+-------+-------+-------+-------++-------
  Melee: Staff             |    30 |    96 |   357 |   179 ||   662
         Peck              |     6 |    15 |    97 |    38 ||   156
         Kick              |    10 |    33 |   163 |    81 ||   287
         Punch             |       |     1 |     8 |     2 ||    11
   Cast: Shock             |    54 |     3 |     3 |       ||    60
         Searing Ray       |       |    12 |     6 |    14 ||    32
         Static Discharge  |       |       |    65 |    34 ||    99
  Evoke: Wand              |       |       |       |     6 ||     6
    Use: Potion            |       |     5 |     1 |     4 ||    10
         Scroll            |       |       |       |     3 ||     3
   Stab: Sleeping          |       |       |     1 |       ||     1
 Armour: Robe              |    14 |       |       |       ||    14
         Ring mail         |     9 |    71 |   253 |   163 ||   496
  Dodge: Dodged            |    42 |   105 |   326 |   225 ||   698

Table legend: (Time is in decaauts)
 A = Elapsed time spent in this place.
 B = Non-inter-level travel time spent in this place.
 C = Inter-level travel time spent in this place.
 D = Time resting spent in this place.
 E = Time spent auto-exploring this place.
 F = Levels seen in this place.
 G = Mean time per level.
                   A        B        C        D        E       F      G
               +--------+--------+--------+--------+--------+-----+--------+
         Total |   9277 |   8630 |    647 |      0 |   6337 |  10 |  927.7 |
       Dungeon |   8715 |   8256 |    459 |      0 |   6208 |   8 | 1089.4 |
        Temple |    247 |     59 |    188 |      0 |     51 |   1 |  247.0 |
       Ossuary |    314 |    314 |      0 |      0 |     78 |   1 |  314.0 |
               +--------+--------+--------+--------+--------+-----+--------+

Top non-repeatable levels by time:
     D:5: 1330 daAuts
     D:6: 1261 daAuts
     D:2: 1198 daAuts
     D:1: 1151 daAuts
     D:4: 1088 daAuts
     D:3: 956 daAuts
     D:8: 885 daAuts
     D:7: 844 daAuts
 Ossuary: 314 daAuts
  Temple: 247 daAuts
